[Event "ICC tourney 2181 (40 10)"]
[Site "Internet Chess Club"]
[Date "2020.12.06"]
[Round "3"]
[White "krishghosh"]
[Black "funpawn"]
[Result "1/2-1/2"]
[ICCResult "Game drawn by repetition"]
[WhiteElo "1520"]
[BlackElo "1765"]
[Opening "Queen's pawn: London system"]
[ECO "A45"]
[NIC "QP.07"]
[Time "15:32:00"]
[PlyCount "85"]
[TimeControl "2400+10"]


1. d4 Nf6 2. Bf4 e6 3. Nd2 c5 4. e3 Nc6 5. c3 d5 6. Ngf3 Bd6 7. Bg3 O-O 8.
Bd3 b6 9. Bxd6 Qxd6 10. O-O Bb7 11. h3 Rac8 12. Rc1 Ne7 13. Re1 Ne4 14. Bb1
Rfd8 15. Nxe4 dxe4 16. Nd2 f5 17. Nc4 Qc7 18. Ne5 Ng6 19. Nxg6 hxg6 20. a3
Kf7 21. Ba2 c4 22. g4 Rh8 23. Kg2 f4 24. Rh1 f3+ 25. Kf1 Rh4 26. Ke1 Rch8
27. Kd2 Rxh3 28. Rxh3 Rxh3 29. Qa4 Bd5 30. b3 cxb3 31. Bxb3 Bxb3 32. Qxb3
Qh2 33. Rf1 Qg2 34. Qc4 Rh1 35. Qc7+ Kg8 36. Rxh1 Qxh1 37. Qd6 Qg2 38. Qd8+
Kh7 39. Qh4+ Kg8 40. Qd8+ Kh7 41. Qh4+ Kg8 42. Qd8+ Kh7 43. Qh4+ { Game
drawn by repetition } 1/2-1/2

[Event "ICC tourney 2181 (40 10)"]
[Site "Internet Chess Club"]
[Date "2020.12.06"]
[Round "3"]
[White "VincentT2008"]
[Black "SanthoshA"]
[Result "1-0"]
[ICCResult "Black checkmated"]
[WhiteElo "1743"]
[BlackElo "1541"]
[Opening "QGD: exchange, positional line"]
[ECO "D35"]
[NIC "QO.16"]
[Time "15:32:13"]
[PlyCount "109"]
[TimeControl "2400+10"]


1. d4 d5 2. c4 e6 3. Nc3 Nf6 4. cxd5 exd5 5. Bg5 Be6 6. e3 Nbd7 7. Bd3 c6
8. Nge2 Bd6 9. Qc2 O-O 10. Bxh7+ Kh8 11. Bf5 Bxf5 12. Qxf5 Qe7 13. h4 Qe6
14. Qxe6 fxe6 15. Nf4 Bxf4 16. Bxf4 Rfe8 17. O-O-O e5 18. Bg3 e4 19. Rde1
c5 20. Nb5 cxd4 21. Nxd4 Nc5 22. Kb1 Nd3 23. Re2 a6 24. h5 Kh7 25. Nf5 Re6
26. h6 g6 27. Nd4 Ree8 28. f3 Ng8 29. Bh4 Re5 30. fxe4 dxe4 31. g4 Rd5 32.
Rc2 Rd7 33. g5 Nb4 34. Rc4 Nd5 35. Nc2 Re8 36. a3 Re6 37. Rf1 b5 38. Rc8
Nb6 39. Rb8 Nc4 40. Rff8 Rb6 41. Rbe8 Nd6 42. Ra8 Nxh6 43. Rh8+ Kg7 44.
gxh6+ Kf7 45. Rh7+ Ke6 46. Nd4+ Kd5 47. Rxd7 Kc4 48. h7 Kd3 49. h8=Q Kxe3
50. Bg5+ Kd3 51. Rad8 Nc4 52. Qh3+ e3 53. Nc2+ Ke4 54. Re8+ Ne5 55. Qg4# {
Black checkmated } 1-0

[Event "ICC tourney 2181 (40 10)"]
[Site "Internet Chess Club"]
[Date "2020.12.06"]
[Round "3"]
[White "keb2020"]
[Black "chessmaster0981"]
[Result "0-1"]
[ICCResult "White checkmated"]
[WhiteElo "1832"]
[BlackElo "1557"]
[Opening "Van't Kruijs opening"]
[ECO "A00"]
[Time "15:32:08"]
[PlyCount "76"]
[TimeControl "2400+10"]


1. e3 d5 2. b3 Nf6 3. Bb2 e6 4. Nf3 Bd6 5. c4 c6 6. Be2 O-O 7. O-O Nbd7 8.
d4 Re8 9. Nbd2 Nf8 10. Re1 Ng6 11. Nf1 Qe7 12. Ne5 Qc7 13. f4 Ne4 14. Nxg6
hxg6 15. Nd2 Bb4 16. Bc1 Qa5 17. Nxe4 Bxe1 18. Nd6 Rd8 19. c5 Bc3 20. Rb1
b6 21. b4 Bxb4 22. Qb3 bxc5 23. dxc5 Bxc5 24. Nxc8 Raxc8 25. Bb2 Rb8 26.
Qc2 Bxe3+ 27. Kf1 Qb6 28. Bd3 Qc5 29. Qe2 Bxf4 30. g3 Bd6 31. Bxg6 Rb7 32.
Kg2 Rdb8 33. Kh3 d4 34. Rf1 Qg5 35. Bxf7+ Rxf7 36. Qxe6 Qh5+ 37. Kg2 Rxb2+
38. Kg1 Qxh2# { White checkmated } 0-1

[Event "ICC tourney 2181 (40 10)"]
[Site "Internet Chess Club"]
[Date "2020.12.06"]
[Round "3"]
[White "lmperfectFocus"]
[Black "atevifred"]
[Result "0-1"]
[ICCResult "White checkmated"]
[WhiteElo "1557"]
[BlackElo "1846"]
[Opening "Caro-Kann: Panov-Botvinnik attack, 5...g6"]
[ECO "B14"]
[NIC "CK.03"]
[Time "15:31:59"]
[PlyCount "50"]
[TimeControl "2400+10"]


1. e4 c6 2. d4 d5 3. exd5 cxd5 4. c4 Nf6 5. Nc3 g6 6. Qb3 Nc6 7. cxd5 Na5
8. Bb5+ Nd7 9. Qa4 a6 10. Be2 Bg7 11. b4 Qc7 12. Bd2 Nc4 13. Nb5 axb5 14.
Qxa8 Ndb6 15. Qa7 Nxd2 16. Bxb5+ Kf8 17. Kxd2 Bh6+ 18. Kd1 Qc3 19. Ke2 Bg4+
20. Nf3 Bxf3+ 21. gxf3 Qb2+ 22. Kd3 Qd2+ 23. Ke4 f5+ 24. Ke5 Qf4+ 25. Ke6
Qd6# { White checkmated } 0-1

[Event "ICC tourney 2181 (40 10)"]
[Site "Internet Chess Club"]
[Date "2020.12.06"]
[Round "3"]
[White "vvguys2"]
[Black "danaglin"]
[Result "0-1"]
[ICCResult "White checkmated"]
[WhiteElo "1554"]
[BlackElo "1507"]
[Opening "Grünfeld with Bf4 & e3"]
[ECO "D93"]
[NIC "GI.07"]
[Time "15:32:05"]
[PlyCount "152"]
[TimeControl "2400+10"]


1. d4 Nf6 2. c4 g6 3. Nc3 d5 4. Nf3 Bg7 5. Bf4 O-O 6. e3 dxc4 7. Bxc4 c5 8.
dxc5 Qa5 9. O-O Qxc5 10. Qb3 a6 11. Rfd1 Nc6 12. Be2 Na5 13. Qc2 Bf5 14.
Qc1 Rac8 15. Qd2 Nc4 16. Bxc4 Qxc4 17. Qe1 Ne4 18. Nxe4 Bxe4 19. Rac1 Qxa2
20. b4 Qb2 21. Qd2 Qxd2 22. Nxd2 Bf5 23. e4 Be6 24. e5 Rxc1 25. Rxc1 Rc8
26. Rd1 f6 27. exf6 exf6 28. Ne4 f5 29. Nc5 Kf7 30. Nxb7 Bf8 31. Bd6 Kg8
32. Bxf8 Kxf8 33. h3 Rc4 34. Nc5 Bf7 35. Nxa6 Rc6 36. Nc5 Kg7 37. Rc1 Rb6
38. Nd3 Bd5 39. Rc7+ Kh6 40. Rc5 Be4 41. Ne5 Rxb4 42. Rc7 Rb7 43. Rc8 Rb1+
44. Kh2 Rf1 45. f3 Bd5 46. Nd7 Rf2 47. Kg3 Rd2 48. Nf6 Kg7 49. Ne8+ Kh6 50.
Rd8 Rd1 51. Rd7 Bxf3 52. Rc7 Ba8 53. Rc2 Rd3+ 54. Kf4 Be4 55. h4 Rd8 56.
Rc7 Rxe8 57. Rd7 Bxg2 58. Kg3 Be4 59. Rd6 Rb8 60. Rd7 Rb3+ 61. Kf4 Rf3+ 62.
Ke5 Rh3 63. Kf6 Rxh4 64. Kf7 Kg5 65. Kg8 f4 66. Rf7 Bd5 67. Kg7 Bxf7 68.
Kf8 f3 69. Kxf7 f2 70. Kg7 f1=Q 71. Kg8 Kf5 72. Kg7 g5 73. Kh8 Qa1+ 74. Kg8
Rb4 75. Kf8 Rb7 76. Ke8 Qh8# { White checkmated } 0-1

[Event "ICC tourney 2181 (40 10)"]
[Site "Internet Chess Club"]
[Date "2020.12.06"]
[Round "3"]
[White "ybabji"]
[Black "aakashjr"]
[Result "1-0"]
[ICCResult "Black resigns"]
[WhiteElo "1854"]
[BlackElo "1625"]
[Opening "Scandinavian: Marshall variation"]
[ECO "B01"]
[NIC "SD.03"]
[Time "15:31:50"]
[PlyCount "93"]
[TimeControl "2400+10"]


1. e4 d5 2. exd5 Nf6 3. d4 Nxd5 4. c4 Nf6 5. Nc3 Bf5 6. Be3 e6 7. Bd3 Bxd3
8. Qxd3 Bd6 9. Nf3 Nc6 10. a3 a5 11. O-O O-O 12. Bg5 Be7 13. Be3 Bd6 14. h3
Qd7 15. Kh1 Rad8 16. Rad1 Rfe8 17. Bg5 Be7 18. Qe3 h6 19. Bf4 Bd6 20. Ne5
Qe7 21. g4 Bxe5 22. dxe5 Nh7 23. Rg1 Qh4 24. Kh2 Qe7 25. Bg3 Rxd1 26. Rxd1
Rd8 27. Rxd8+ Qxd8 28. f4 Nf8 29. f5 Qd4 30. Qxd4 Nxd4 31. Nb5 Nxb5 32.
cxb5 Nd7 33. Kg2 Nc5 34. Be1 b6 35. Kf3 Kf8 36. Bf2 Nd7 37. Ke4 Ke7 38.
Bh4+ f6 39. exf6+ gxf6 40. Bf2 Ne5 41. fxe6 Kxe6 42. Bg3 Nc4 43. Bxc7 Nxb2
44. Bxb6 Nc4 45. Bc5 Nd6+ 46. Bxd6 Kxd6 47. a4 { Black resigns } 1-0

[Event "ICC tourney 2181 (40 10)"]
[Site "Internet Chess Club"]
[Date "2020.12.06"]
[Round "3"]
[White "SoaringHawk24"]
[Black "Jim1108"]
[Result "1-0"]
[ICCResult "Black checkmated"]
[WhiteElo "1371"]
[BlackElo "1732"]
[Opening "French: Tarrasch, closed variation"]
[ECO "C05"]
[NIC "FR.17"]
[Time "15:31:58"]
[PlyCount "113"]
[TimeControl "2400+10"]


1. e4 e6 2. d4 d5 3. Nd2 Nf6 4. e5 Nfd7 5. Bd3 c5 6. c3 Nc6 7. Ne2 Qb6 8.
Nf3 cxd4 9. cxd4 Bb4+ 10. Bd2 O-O 11. O-O f6 12. exf6 Nxf6 13. a3 Bd6 14.
Qc2 Qc7 15. Bg5 h6 16. Bxf6 Rxf6 17. h3 Qf7 18. Qc3 Rxf3 19. gxf3 e5 20.
Bc2 Bxh3 21. Rfe1 exd4 22. Qb3 Rf8 23. f4 Bf5 24. Bxf5 Qxf5 25. Ng3 Qf7 26.
Ne2 g5 27. Qg3 Bxf4 28. Nxf4 Qxf4 29. Qxf4 Rxf4 30. Re6 Kg7 31. b4 a6 32.
Rd6 h5 33. Rxd5 Rg4+ 34. Kf1 Kf6 35. Rd6+ Ke5 36. Rh6 h4 37. Ke2 Ke4 38.
f3+ Kf4 39. fxg4 Kxg4 40. Rg1+ Kf5 41. Rh5 Kf4 42. Rhxg5 Ne5 43. Rxe5 Kxe5
44. Rh1 Kd5 45. Kd3 b6 46. Rxh4 a5 47. Rxd4+ Kc6 48. bxa5 bxa5 49. Kc4 Kb6
50. Rd6+ Ka7 51. Kb5 Ka8 52. Rd7 Kb8 53. Kb6 Kc8 54. Kc6 Kb8 55. Rc7 a4 56.
Kb6 Ka8 57. Rc8# { Black checkmated } 1-0

[Event "ICC tourney 2181 (40 10)"]
[Site "Internet Chess Club"]
[Date "2020.12.06"]
[Round "3"]
[White "kdbel"]
[Black "RatislavK"]
[Result "1-0"]
[ICCResult "Black checkmated"]
[WhiteElo "1892"]
[BlackElo "1311"]
[Opening "Sicilian: Pelikan, Chelyabinsk variation"]
[ECO "B33"]
[NIC "SI.37"]
[Time "15:32:00"]
[PlyCount "69"]
[TimeControl "2400+10"]


1. e4 c5 2. Nf3 Nc6 3. d4 cxd4 4. Nxd4 Nf6 5. Nc3 e5 6. Ndb5 d6 7. Bg5 a6
8. Na3 b5 9. Nd5 Be7 10. Bxf6 Bxf6 11. c4 O-O 12. cxb5 axb5 13. Nxb5 Nd4
14. Nxf6+ Qxf6 15. Nxd4 exd4 16. Bd3 Qg5 17. O-O Re8 18. b4 Be6 19. a4 Reb8
20. b5 Ra5 21. f4 Qc5 22. f5 Bd7 23. Rc1 Qb6 24. Kh1 Rba8 25. Bc2 f6 26.
Bb3+ Kf8 27. Qh5 Be8 28. Qxh7 Bf7 29. Qh8+ Ke7 30. Qxg7 Rf8 31. Rc6 Qb8 32.
Rfc1 d5 33. Rc7+ Kd6 34. Qxf6+ Be6 35. e5# { Black checkmated } 1-0

[Event "ICC tourney 2181 (40 10)"]
[Site "Internet Chess Club"]
[Date "2020.12.06"]
[Round "3"]
[White "Davide25"]
[Black "Priccchess"]
[Result "0-1"]
[ICCResult "White resigns"]
[WhiteElo "1390"]
[BlackElo "1806"]
[Opening "QGD: 4.Bg5"]
[ECO "D50"]
[NIC "QO.16"]
[Time "15:32:43"]
[PlyCount "124"]
[TimeControl "2400+10"]


1. d4 d5 2. c4 e6 3. Nc3 Nf6 4. Bg5 c6 5. e3 Be7 6. Nf3 O-O 7. Bd3 h6 8.
Bh4 Nbd7 9. O-O Re8 10. cxd5 exd5 11. Rb1 b6 12. b4 Bb7 13. Qc2 Rc8 14.
Rfc1 Bd6 15. Bf5 Rc7 16. Bg3 Bxg3 17. hxg3 a6 18. Bxd7 Rxd7 19. Ne5 Rd6 20.
a4 Nd7 21. Nd3 Qe7 22. a5 b5 23. Ne2 Qe4 24. Nc5 Nxc5 25. Qxc5 Rd7 26. Qc3
g5 27. Rc2 Qg6 28. Nc1 Rd6 29. Nd3 f6 30. Rbc1 Rf8 31. Nc5 Bc8 32. Qd2 h5
33. Nd3 Bf5 34. Rc3 Bxd3 35. Qxd3 f5 36. Qc2 Rff6 37. Kf1 Qe8 38. Qe2 Rde6
39. Qd2 Kg7 40. f3 Qg6 41. Kf2 h4 42. gxh4 gxh4 43. Rh1 Qg3+ 44. Kf1 f4 45.
Rh3 Qg5 46. Kf2 Rg6 47. Kf1 fxe3 48. Qe2 Qf4 49. Rd3 Rg5 50. Ke1 Rgg6 51.
Kd1 Kf7 52. Rh1 Qf5 53. Rxh4 Rxg2 54. Rh5 Rg1+ 55. Kc2 Qxh5 56. Rd1 Rxd1
57. Kxd1 Qh1+ 58. Kc2 Qa1 59. Qd3 Qa2+ 60. Kc1 Qd2+ 61. Qxd2 exd2+ 62. Kxd2
Kf6 { White resigns } 0-1

[Event "ICC tourney 2181 (40 10)"]
[Site "Internet Chess Club"]
[Date "2020.12.06"]
[Round "3"]
[White "wildrumpus"]
[Black "marinaxiao"]
[Result "0-1"]
[ICCResult "White checkmated"]
[WhiteElo "1535"]
[BlackElo "1556"]
[Opening "Queen's pawn game"]
[ECO "A45"]
[NIC "QP.07"]
[Time "15:32:43"]
[PlyCount "152"]
[TimeControl "2400+10"]


1. d4 Nf6 2. e3 g6 3. Nf3 Bg7 4. Be2 O-O 5. O-O d6 6. b3 Nbd7 7. Bb2 a6 8.
c4 c5 9. Nc3 cxd4 10. Nxd4 Nc5 11. b4 Nce4 12. Nxe4 Nxe4 13. Qc2 Nf6 14. a4
e5 15. Nf3 Bf5 16. Qb3 Be6 17. Rfd1 Qc7 18. Ng5 Bf5 19. Bd3 Bxd3 20. Rxd3
h6 21. Nh3 Rac8 22. Rc1 Nh5 23. e4 Kh8 24. Qd1 Nf6 25. c5 Nxe4 26. cxd6 Qd7
27. f3 Rxc1 28. Bxc1 Nf6 29. Bb2 Ne8 30. Nf2 b6 31. Qa1 f6 32. Ne4 Rf7 33.
Qd1 Kg8 34. a5 f5 35. Nc5 bxc5 36. bxc5 Bf6 37. Qb3 Kg7 38. Qb6 Qc8 39. c6
Nxd6 40. Rxd6 Rc7 41. Rd7+ Rxd7 42. cxd7 Qxd7 43. Qxa6 Qd1+ 44. Qf1 Qd7 45.
Qa1 Qa7+ 46. Kf1 Qa6+ 47. Ke1 g5 48. Bxe5 Qe6 49. Kf2 Qxe5 50. Qxe5 Bxe5
51. a6 Bd4+ 52. Ke2 Ba7 53. g3 Kf6 54. h4 gxh4 55. gxh4 Kg6 56. Kf1 Kh5 57.
Kg2 Kxh4 58. Kh2 Kg5 59. Kg2 Kf4 60. Kh3 Kxf3 61. Kh4 f4 62. Kh5 Kg2 63.
Kxh6 f3 64. Kg6 f2 65. Kf6 f1=Q+ 66. Ke6 Qxa6+ 67. Kd5 Qb6 68. Kc4 Qa5 69.
Kd3 Bd4 70. Ke4 Qe5+ 71. Kd3 Kf2 72. Kc4 Qe6+ 73. Kd3 Bc3 74. Kc2 Qd5 75.
Kc1 Qd2+ 76. Kb1 Qb2# { White checkmated } 0-1

[Event "ICC tourney 2181 (40 10)"]
[Site "Internet Chess Club"]
[Date "2020.12.06"]
[Round "3"]
[White "handsomematch"]
[Black "andrewf2009"]
[Result "1-0"]
[ICCResult "Black checkmated"]
[WhiteElo "1215"]
[BlackElo "1690"]
[Opening "French: Rubinstein variation"]
[ECO "C03"]
[NIC "FR.07"]
[Time "15:32:04"]
[PlyCount "83"]
[TimeControl "2400+10"]


1. e4 e6 2. d4 d5 3. Nd2 dxe4 4. Nxe4 Nd7 5. Nf3 Ngf6 6. Bd3 c5 7. c3 cxd4
8. cxd4 Be7 9. O-O O-O 10. Re1 b6 11. Qc2 Bb7 12. Nxf6+ Nxf6 13. Be3 Rc8
14. Qe2 Nd5 15. Rac1 Nb4 16. a3 Nxd3 17. Qxd3 Bxf3 18. gxf3 Qd5 19. Qe4 Qb3
20. Rxc8 Rxc8 21. Qb7 Re8 22. Qxa7 Qxb2 23. a4 Bb4 24. Qxb6 Qa3 25. Qb5 Rd8
26. Rb1 Bd6 27. Qb6 Rf8 28. a5 h6 29. Rb3 Qa1+ 30. Kg2 Rb8 31. Qxd6 Rxb3
32. Qd8+ Kh7 33. Qa8 Qa2 34. Bf4 Rb2 35. Bg3 Rb1 36. Qe4+ g6 37. Qa8 Ra1
38. Be5 g5 39. Qh8+ Kg6 40. Qg7+ Kh5 41. Qxf7+ Kh4 42. Bg3# { Black
checkmated } 1-0

[Event "ICC tourney 2181 (40 10)"]
[Site "Internet Chess Club"]
[Date "2020.12.06"]
[Round "3"]
[White "Threehundreds"]
[Black "duckmaster07"]
[Result "1/2-1/2"]
[ICCResult "Game drawn by mutual agreement"]
[WhiteElo "1437"]
[BlackElo "1723"]
[Opening "Scandinavian (center counter) defense"]
[ECO "B01"]
[NIC "SD.01"]
[Time "15:31:56"]
[PlyCount "147"]
[TimeControl "2400+10"]


1. e4 d5 2. exd5 Qxd5 3. Nc3 Qa5 4. Bc4 Nf6 5. Nf3 Bf5 6. O-O e6 7. h3 Be7
8. d3 O-O 9. Bd2 c6 10. Nd5 Qd8 11. Nxe7+ Qxe7 12. Nh4 Bg6 13. Nxg6 hxg6
14. Re1 Qc7 15. Qf3 Nbd7 16. Qf4 Qxf4 17. Bxf4 Nd5 18. Bxd5 cxd5 19. Rad1
Nf6 20. Be3 b5 21. Rc1 Rfc8 22. Bd4 Nd7 23. Re2 a5 24. c4 bxc4 25. dxc4
Rxc4 26. Rxc4 dxc4 27. Rc2 e5 28. Be3 Rc8 29. b3 c3 30. Kf1 Nf6 31. Bb6 a4
32. bxa4 Nd5 33. a5 Nb4 34. Rc1 c2 35. Ke2 Nxa2 36. Kd2 Nxc1 37. Kxc1 f6
38. a6 Kf7 39. a7 Ke6 40. Bc7 Ra8 41. Bb8 Kd5 42. Kxc2 Kc4 43. Kd2 Kd4 44.
Ke2 f5 45. Bc7 g5 46. Bb6+ Kd5 47. f3 Rc8 48. Bc7 Ra8 49. Bb6 e4 50. g3 g6
51. Ke3 Rc8 52. Bc7 Ra8 53. Bb6 exf3 54. Kxf3 Ke5 55. Ke3 Kd5 56. Kf3 Kc6
57. Bf2 Kb7 58. h4 gxh4 59. gxh4 Re8 60. h5 g5 61. Be3 g4+ 62. Kf2 Re4 63.
h6 f4 64. Bc5 Re8 65. Bd4 Re7 66. Bg7 g3+ 67. Kf1 f3 68. h7 Rd7 69. a8=Q+
Kxa8 70. h8=Q+ Kb7 71. Ke1 f2+ 72. Ke2 Rd2+ 73. Kxd2 f1=Q 74. Bd4 { Game
drawn by mutual agreement } 1/2-1/2

[Event "ICC tourney 2181 (40 10)"]
[Site "Internet Chess Club"]
[Date "2020.12.06"]
[Round "3"]
[White "AbleCompany"]
[Black "couchpotato26"]
[Result "1-0"]
[ICCResult "Black resigns"]
[WhiteElo "1568"]
[BlackElo "1858"]
[Opening "QGD: 6.Nf3"]
[ECO "D55"]
[NIC "QO.16"]
[Time "15:31:52"]
[PlyCount "93"]
[TimeControl "2400+10"]


1. d4 d5 2. c4 e6 3. Nc3 Nf6 4. Nf3 Be7 5. Bg5 O-O 6. e3 b6 7. cxd5 exd5 8.
Qc2 Bb7 9. Bd3 Nbd7 10. Rc1 c5 11. O-O c4 12. Bf5 h6 13. Bh4 a6 14. Rfe1 b5
15. Ne5 b4 16. Na4 Nxe5 17. dxe5 Ne4 18. Bxe7 Qxe7 19. Bxe4 dxe4 20. Qxc4
Rac8 21. Qd4 Rfd8 22. Rxc8 Rxc8 23. Rd1 Kf8 24. Nb6 Rc2 25. h3 Bc6 26. Nc8
Qe8 27. Qxb4+ Kg8 28. Ne7+ Kh7 29. Nxc6 Qxc6 30. Rd6 Rc1+ 31. Kh2 Qc2 32.
Qb7 Qxf2 33. Qxe4+ g6 34. Qf4 Qg1+ 35. Kg3 Qe1+ 36. Qf2 Qxf2+ 37. Kxf2 Rc2+
38. Kf3 Rxb2 39. Rxa6 Kg7 40. a4 Kf8 41. e6 f6 42. Ra7 Rb4 43. a5 f5 44. a6
Re4 45. e7+ Kf7 46. Rb7 Ra4 47. a7 { Black resigns } 1-0

[Event "ICC tourney 2181 (40 10)"]
[Site "Internet Chess Club"]
[Date "2020.12.06"]
[Round "3"]
[White "sanjay2000"]
[Black "SultanofBling"]
[Result "0-1"]
[ICCResult "White resigns"]
[WhiteElo "1647"]
[BlackElo "1809"]
[Opening "Caro-Kann: classical variation"]
[ECO "B18"]
[NIC "CK.10"]
[Time "15:31:59"]
[PlyCount "68"]
[TimeControl "2400+10"]


1. e4 c6 2. d4 d5 3. Nc3 dxe4 4. Nxe4 Bf5 5. Ng3 Bg6 6. Bc4 e6 7. N1e2 h6
8. O-O Nf6 9. Nf4 Bh7 10. c3 Bd6 11. Nfh5 O-O 12. Nxf6+ Qxf6 13. Bd3 Bxd3
14. Qxd3 Bc7 15. Nh5 Qh4 16. Ng3 Nd7 17. Re1 Nf6 18. h3 Nd5 19. Re4 Qe7 20.
Nh5 f5 21. Re1 Qf7 22. c4 Qxh5 23. cxd5 exd5 24. Re7 Rac8 25. b3 Rfe8 26.
Rxc7 Rxc7 27. Bf4 Rce7 28. Be5 Rxe5 29. dxe5 Rxe5 30. Qg3 Qe8 31. Qc3 Re2
32. Qa5 a6 33. Qb4 Qe7 34. Qf4 Qe5 { White resigns } 0-1

[Event "ICC tourney 2181 (40 10)"]
[Site "Internet Chess Club"]
[Date "2020.12.06"]
[Round "3"]
[White "Fischeresque930"]
[Black "yanje03"]
[Result "1-0"]
[ICCResult "Black resigns"]
[WhiteElo "1781"]
[BlackElo "1452"]
[Opening "Sicilian: Anderssen variation"]
[ECO "B41"]
[NIC "SI.41"]
[Time "15:31:49"]
[PlyCount "121"]
[TimeControl "2400+10"]


1. e4 c5 2. Nf3 e6 3. d4 cxd4 4. Nxd4 Nf6 5. Nc3 Nc6 6. Nxc6 bxc6 7. e5 Nd5
8. Nxd5 cxd5 9. Be2 Qc7 10. Bf4 f6 11. O-O fxe5 12. Bg3 Bd6 13. Qd2 O-O 14.
Rad1 Bb7 15. Rfe1 Qc6 16. Bf1 Rac8 17. c4 Qc7 18. Rc1 Qb6 19. a3 a5 20.
Bxe5 Bc5 21. Bg3 Rf7 22. cxd5 Rcf8 23. Rxc5 Qxc5 24. dxe6 dxe6 25. Rxe6 Qa7
26. Bc4 Kh8 27. Rd6 Rf5 28. Rd7 Qb6 29. Qc3 R8f6 30. Qd2 Rf8 31. h3 Qc6 32.
Bf1 h6 33. Rd4 Rg5 34. Rc4 Qb6 35. Rc3 Rgf5 36. Re3 Qf6 37. Bd3 Rc5 38. Bb1
Rfc8 39. Qd3 Rc1+ 40. Kh2 Kg8 41. Qh7+ Kf8 42. Be5 Qg5 43. Bd6+ Kf7 44.
Ba2+ R8c4 45. Bxc4+ Rxc4 46. Rg3 Qf6 47. Bb8 Rd4 48. Qc2 Rd7 49. Qc4+ Bd5
50. Qc8 Re7 51. Qd8 Bb7 52. Qxa5 Qxf2 53. Qh5+ Kg8 54. Bd6 Re3 55. Qg4 g5
56. Rxe3 Qxe3 57. Qg3 Qe4 58. Be5 Kh7 59. Bc3 Bd5 60. Qf2 Kg6 61. Qf6+ {
Black resigns } 1-0

[Event "ICC tourney 2181 (40 10)"]
[Site "Internet Chess Club"]
[Date "2020.12.06"]
[Round "3"]
[White "BobbyFissure"]
[Black "loveEdinburgh"]
[Result "0-1"]
[ICCResult "White forfeits on time"]
[WhiteElo "1466"]
[BlackElo "1828"]
[Opening "QGD Slav defense"]
[ECO "D10"]
[NIC "SL.01"]
[Time "15:32:43"]
[PlyCount "86"]
[TimeControl "2400+10"]


1. d4 d5 2. c4 c6 3. g3 Nf6 4. Bg2 e6 5. Qc2 Bd6 6. Nf3 O-O 7. Nbd2 Nbd7 8.
O-O b6 9. Re1 Bb7 10. b3 Qc7 11. Bb2 Rac8 12. Ng5 h6 13. Nh3 c5 14. Rac1
Qb8 15. f4 cxd4 16. Bxd4 Ba3 17. Bb2 Bc5+ 18. e3 Bb4 19. Nf2 dxc4 20. bxc4
Bxg2 21. Kxg2 b5 22. Bc3 bxc4 23. Rb1 Qa8+ 24. Kh3 Bxc3 25. Qxc3 Nd5 26.
Qd4 c3 27. Nb3 N7b6 28. e4 Rc4 29. Qe5 c2 30. Rbc1 Nb4 31. Qb2 a5 32. Nd2
Rc6 33. a3 Na4 34. Qd4 Rd8 35. Qe3 Na2 36. Nb3 Nxc1 37. Qxc1 Rc3 38. Nd2
Qb7 39. Ng4 Qb2 40. Qxb2 Nxb2 41. Nb3 Rxb3 42. Rc1 Rc3 43. Nf2 Nd3 { White
forfeits on time } 0-1

[Event "ICC tourney 2181 (40 10)"]
[Site "Internet Chess Club"]
[Date "2020.12.06"]
[Round "4"]
[White "andrewf2009"]
[Black "SanthoshA"]
[Result "0-1"]
[ICCResult "White resigns"]
[WhiteElo "1690"]
[BlackElo "1541"]
[Opening "Ruy Lopez: closed, 9.d4"]
[ECO "C91"]
[NIC "RL.20"]
[Time "17:46:57"]
[PlyCount "42"]
[TimeControl "2400+10"]


1. e4 e5 2. Nf3 Nc6 3. Bb5 a6 4. Ba4 Nf6 5. O-O Be7 6. Re1 b5 7. Bb3 O-O 8.
c3 d6 9. d4 exd4 10. cxd4 Bg4 11. d5 Ne5 12. Nbd2 h6 13. h3 Bh5 14. Bc2
Nfd7 15. g4 Nxf3+ 16. Nxf3 Bg6 17. Bf4 Bf6 18. Nd4 Bxd4 19. Qxd4 f6 20. h4
Ne5 21. h5 Nf3+ { White resigns } 0-1

[Event "ICC tourney 2181 (40 10)"]
[Site "Internet Chess Club"]
[Date "2020.12.06"]
[Round "4"]
[White "danaglin"]
[Black "VincentT2008"]
[Result "1-0"]
[ICCResult "Black resigns"]
[WhiteElo "1507"]
[BlackElo "1743"]
[Opening "Two knights defense"]
[ECO "C55"]
[NIC "IG.01"]
[Time "17:47:15"]
[PlyCount "53"]
[TimeControl "2400+10"]


1. e4 e5 2. Nf3 Nc6 3. Bc4 Nf6 4. c3 d5 5. exd5 Nxd5 6. O-O Bc5 7. Re1 O-O
8. Nxe5 Nxe5 9. Rxe5 Bxf2+ 10. Kh1 Nf6 11. d4 Ng4 12. Re4 Qh4 13. Bf4 Bf5
14. Re2 Rae8 15. Nd2 Rxe2 16. Bxe2 Re8 17. Nf3 Qh5 18. Ne5 Rxe5 19. Bxe5
Be3 20. Bg3 Bf2 21. Bxg4 Bxg4 22. Qd3 Be2 23. Qe4 f5 24. Qd5+ Kf8 25. Bxf2
f4 26. Qxh5 Bxh5 27. Re1 { Black resigns } 1-0

[Event "ICC tourney 2181 (40 10)"]
[Site "Internet Chess Club"]
[Date "2020.12.06"]
[Round "4"]
[White "aakashjr"]
[Black "krishghosh"]
[Result "1-0"]
[ICCResult "Black checkmated"]
[WhiteElo "1625"]
[BlackElo "1520"]
[Opening "Giuoco Piano: Greco's attack"]
[ECO "C54"]
[NIC "IG.02"]
[Time "17:46:59"]
[PlyCount "91"]
[TimeControl "2400+10"]


1. e4 e5 2. Nf3 Nc6 3. Bc4 Bc5 4. c3 Nf6 5. d4 exd4 6. cxd4 Bb4+ 7. Nc3 O-O
8. O-O h6 9. e5 Bxc3 10. exf6 Bb4 11. fxg7 Kxg7 12. d5 Ne7 13. Qd4+ f6 14.
Qg4+ Ng6 15. Bd3 Qe8 16. Nh4 f5 17. Nxf5+ Kh7 18. Qxb4 d6 19. Nh4 Rg8 20.
Bxg6+ Rxg6 21. Nxg6 Qxg6 22. Qh4 Kg8 23. Qxh6 Qe4 24. Qg5+ Kf7 25. Qf4+
Qxf4 26. Bxf4 Bf5 27. Rfe1 Rg8 28. g3 a5 29. Rac1 a4 30. Rxc7+ Kf6 31. Bxd6
a3 32. bxa3 b5 33. Be5+ Kg5 34. Rg7+ Rxg7 35. Bxg7 b4 36. axb4 Bc8 37. d6
Kg6 38. b5 Kxg7 39. b6 Kg6 40. b7 Bxb7 41. d7 Bc8 42. dxc8=Q Kf6 43. Qf8+
Kg5 44. Qf4+ Kg6 45. Re6+ Kh5 46. Rh6# { Black checkmated } 1-0

[Event "ICC tourney 2181 (40 10)"]
[Site "Internet Chess Club"]
[Date "2020.12.06"]
[Round "4"]
[White "duckmaster07"]
[Black "Mannansh"]
[Result "1-0"]
[ICCResult "Black resigns"]
[WhiteElo "1723"]
[BlackElo "1257"]
[Opening "Scandinavian defense"]
[ECO "B01"]
[NIC "SD.03"]
[Time "17:47:29"]
[PlyCount "41"]
[TimeControl "2400+10"]


1. e4 d5 2. exd5 Nf6 3. d4 Bg4 4. Nf3 Nxd5 5. c4 Nf6 6. Nc3 g6 7. Be2 Bg7
8. Be3 O-O 9. O-O Nfd7 10. h3 Bxf3 11. Bxf3 Nc6 12. Bxc6 bxc6 13. Rc1 e5
14. dxe5 Nxe5 15. b3 Nd3 16. Rc2 Nb4 17. Rc1 Nd3 18. Rc2 Qd7 19. Ne2 a6 20.
Rd2 Rad8 21. Nc1 { Black resigns } 1-0

[Event "ICC tourney 2181 (40 10)"]
[Site "Internet Chess Club"]
[Date "2020.12.06"]
[Round "4"]
[White "marinaxiao"]
[Black "Davide25"]
[Result "0-1"]
[ICCResult "White resigns"]
[WhiteElo "1556"]
[BlackElo "1390"]
[Opening "Caro-Kann: Panov-Botvinnik attack, 5...e6"]
[ECO "B14"]
[NIC "CK.02"]
[Time "17:47:21"]
[PlyCount "126"]
[TimeControl "2400+10"]


1. e4 c6 2. d4 d5 3. exd5 cxd5 4. c4 e6 5. Nc3 Nf6 6. Nf3 Bd6 7. Bg5 O-O 8.
cxd5 exd5 9. Nxd5 Qe8+ 10. Ne3 Bb4+ 11. Ke2 Nd5 12. Qb3 Be6 13. Nxd5 Bxd5+
14. Qe3 Qb5+ 15. Kd1 Qa4+ 16. b3 Qa3 17. Qc1 Qa5 18. Bd2 Bxf3+ 19. gxf3 Rd8
20. a3 Bxd2 21. Qxd2 Qxd2+ 22. Kxd2 Nc6 23. Bg2 Nxd4 24. Ke3 Nc2+ 25. Ke2
Nxa1 26. Rxa1 Rac8 27. f4 Rc2+ 28. Ke3 Rc3+ 29. Ke2 Rxb3 30. Rc1 Rxa3 31.
Bxb7 Ra2+ 32. Kf3 g6 33. Rc7 a5 34. Ba6 a4 35. Kg2 Ra1 36. Bc4 Rf8 37. Ra7
a3 38. Kf3 h5 39. Kg2 Kg7 40. Kf3 Rc1 41. Ba2 Rc3+ 42. Kg2 Rc2 43. Rxa3 Rc7
44. Rg3 Rd8 45. f5 Rd2 46. Bb3 Rcd7 47. fxg6 fxg6 48. Be6 R7d6 49. Bc8 Rf6
50. Rf3 Rc6 51. Bb7 Rc5 52. Rg3 Re5 53. Bf3 Kh6 54. Bc6 g5 55. Bf3 g4 56.
Bc6 Ree2 57. h3 Rxf2+ 58. Kg1 Rfe2 59. Kf1 gxh3 60. Rxh3 Rf2+ 61. Kg1 Rf5
62. Re3 Rc5 63. Bg2 Rg5 { White resigns } 0-1